 Dungeon Crawl Stone Soup version 0.19.1 (webtiles) character file.

714 Patate the Covert (level 7, 0/32 HPs)
             Began as a Spriggan Enchanter on Nov 23, 2016.
             Succumbed to a worker ant's poison
             ... on level 5 of the Dungeon on Nov 24, 2016.
             The game lasted 00:34:14 (9162 turns).

Patate the Covert (Spriggan Enchanter)              Turns: 9162, Time: 00:34:15

Health: 0/32       AC:  4    Str:  6    XL:     7   Next: 41%
Magic:  15/16      EV: 18    Int: 16    God:
Gold:   200        SH:  0    Dex: 19    Spells: 2 memorised, 13 levels left

rFire  . . .     SeeInvis +     a - +2 dagger
rCold  . . .     Gourm    .     b - +2 robe
rNeg   . . .     Faith    .     (shield restricted)
rPois  .         Spirit   .     (helmet restricted)
rElec  .         Reflect  .     (no cloak)
rCorr  +         Harm     .     (gloves unavailable)
MR     +....                    (boots unavailable)
Stlth  ++++......               (no amulet)
                                g - ring of resist corrosion
                                f - -3 ring of strength (curse)

@: mighty, lethally poisoned (0 -> -10), about to teleport, very slightly
contaminated, hasted, drained, very quick
A: unfitting armour, see invisible, herbivore 3, speed 3, slow metabolism 2
a: no special abilities


You were on level 5 of the Dungeon.
You were not hungry.

You visited 2 branches of the dungeon, and saw 6 of its levels.

You collected 200 gold pieces.

Inventory:

Hand Weapons
 a - a +2 dagger (weapon)
 o - a +0 blowgun
Armour
 b - a +2 robe (worn)
Jewellery
 f - a cursed -3 ring of strength (left hand)
 g - a ring of resist corrosion (right hand)
 l - an uncursed ring of stealth {unknown}
Scrolls
 i - a scroll of enchant weapon
 j - 4 scrolls of teleportation
 p - a scroll of immolation
Potions
 h - a potion of brilliance
 m - a potion of cure mutation
Books
 c - a book of Maledictions

   Spells                             Type                      Level
   a - Corona                         Hexes                        1
   b - Ensorcelled Hibernation        Hexes/Ice                    2
   c - Confuse                        Hexes                        3
   d - Tukima's Dance                 Hexes                        3
   e - Dazzling Spray                 Conjuration/Hexes            3
Comestibles
 d - 2 bread rations


   Skills:
 - Level 0.1(0.0) Fighting
 - Level 2.1(1.3) Short Blades
 - Level 3.2(2.2) Dodging
 - Level 9.0(7.9) Stealth
 + Level 5.5(4.5) Spellcasting
 + Level 6.5(5.5) Hexes


You had 13 spell levels left.
You knew the following spells:

 Your Spells              Type           Power        Failure   Level  Hunger
a - Corona                Hex            ###....      1%          1    None
b - Confuse               Hex            ###.....     6%          3    ###....


Dungeon Overview and Level Annotations

Branches:
Dungeon (5/15)             Temple (1/1) D:5

Altars:
Ashenzari
Elyvilon
Gozag
Hepliaklqana
Kikubaaqudgha
Makhleb
Nemelex Xobeh
Okawaru
Qazlal
Ru
Trog
Uskayaw
Vehumet
Xom
Zin
The Shining One

Shops:
D:5 :


Innate Abilities, Weirdness & Mutations

You are very small and have problems with some larger weapons.
You are too small for most types of armour.
You have supernaturally acute eyesight. (SInv)
You are a herbivore.
You cover ground extremely quickly.
You need consume almost no food.


Message History

The worker ant is almost dead.
You feel sick. The worker ant bites you.
You hit the worker ant but do no damage.
The worker ant is almost dead.
The worker ant bites you!
As you read the scroll of teleportation, it crumbles to dust.
You feel strangely unstable.
You feel sick.
The crimson imp blinks!
The worker ant bites you!
* * * LOW HITPOINT WARNING * * *
You are more poisoned.
The worker ant poisons you!
It was a potion of haste.
You feel yourself speed up.
* * * LOW HITPOINT WARNING * * *
You feel sick. The worker ant misses you.
You are very lightly contaminated with residual magic.
You feel very mighty all of a sudden. The worker ant closely misses you.
You closely miss the worker ant.
The worker ant is almost dead.
You die...

##.####### ##..# ##..######
#.....[..# #........# ##
#........# ##. #...5#####
#.. #..#§# ######## #.#
#..##5# #@aW..(#########.#
.... #.# ###5.)...##.......
.......a#####...............
........##....######>#####.#
......o.5.o#### #.# ..#
.5..5...#### #..# #.##
.....o..# ##..##.# ...o§...#
#....## a......## #.....


You could see a phantom, a worker ant and a crimson imp.

Vanquished Creatures
  An orc warrior (D:4)
  2 crimson imps
  A hound (D:4)
  2 orc priests
  4 orc wizards
  A bullfrog skeleton (D:5)
  An iguana (D:4)
  A worker ant (D:4)
  Robin (D:2)
  3 gnolls
  10 adders
  2 shadow imps (D:5)
  3 worms
  2 dart slugs
  A leopard gecko (D:3)
  18 orcs
  A ball python (D:3)
  4 bats
  4 giant cockroaches
  21 goblins
  9 hobgoblins
  9 jackals
  A quokka (D:3)
  7 frilled lizards
  9 kobolds
  A leopard gecko skeleton (D:4)
  7 rats
126 creatures vanquished.

Notes
Turn   | Place    | Note
-------+----------+-------------------------------------------
     0 | D:1      | Patate the Spriggan Enchanter began the quest for the Orb.
     0 | D:1      | Reached XP level 1. HP: 9/9 MP: 5/5
   399 | D:1      | Reached XP level 2. HP: 2/13 MP: 4/6
   812 | D:2      | Reached skill level 5 in Stealth
   942 | D:2      | Reached XP level 3. HP: 16/16 MP: 8/8
  1997 | D:2      | Reached XP level 4. HP: 14/21 MP: 6/9
  2057 | D:2      | Noticed Robin
  2709 | D:2      | Learned a level 3 spell: Confuse
  2948 | D:2      | Killed Robin
  3229 | D:3      | Reached skill level 6 in Stealth
  3634 | D:3      | Reached XP level 5. HP: 14/24 MP: 3/10
  4710 | D:3      | Reached skill level 7 in Stealth
  4710 | D:3      | Reached skill level 5 in Hexes
  5924 | D:4      | Reached XP level 6. HP: 13/28 MP: 6/12
  6161 | D:4      | Reached skill level 8 in Stealth
  6352 | D:5      | Entered Level 5 of the Dungeon
  6352 | D:5      | Found a radiant altar of Vehumet.
  6406 | D:5      | Noticed an orc warrior
  6590 | D:5      | Found a staircase to the Ecumenical Temple.
  7107 | D:5      | Found Tipt's Book Boutique.
  7116 | D:5      | Found a glowing golden altar of the Shining One.
  7439 | D:4      | Killed an orc warrior
  7439 | D:4      | Reached skill level 9 in Stealth
  7658 | D:4      | Reached XP level 7. HP: 15/32 MP: 13/15
  8663 | D:5      | Reached skill level 5 in Spellcasting
  8855 | Temple   | Entered the Ecumenical Temple
  9160 | D:5      | HP: 1/32 [poisoned by a worker ant]
  9162 | D:5      | Succumbed to a worker ant's poison

Skill      XL: |  1  2  3  4  5  6  7 |
---------------+----------------------+-----
Hexes          | 4 5 6 |  6.5
Stealth        | 5 6 7 9 |  9.0
Spellcasting   | 3 4 5 |  5.5
Short Blades   | 2 |  2.1
Fighting       | |  0.1
Dodging        | |  3.2

Action                   |  1- 3 |  4- 6 |  7- 9 || total
-------------------------+-------+-------+-------++-------
Melee: Dagger            |   150 |   561 |   168 ||   879
 Cast: Corona            |    23 |    21 |     4 ||    48
       Confuse           |       |    31 |    11 ||    42
  Use: Scroll            |     3 |    10 |     2 ||    15
       Potion            |     3 |     1 |     4 ||     8
 Stab: Sleeping          |     6 |     7 |       ||    13
       Invisible         |     2 |       |       ||     2
       Confused          |       |    11 |     6 ||    17
       Distracted        |       |     4 |       ||     4
  Eat: Bread ration      |       |     2 |       ||     2
Armor: Robe              |    14 |    55 |    19 ||    88
       Skin              |    18 |       |       ||    18
Dodge: Dodged            |   121 |   447 |   128 ||   696
